General information
			
			
        
        - name: 2v2 Tm Obs! w. RPA2
 
        - type: Custom game
 
        - host: NgG.RedPandA
 
        - saver: TIMG4STRok
 
        
map: TwistedMeadows 
        - players: 12
 
        - length: 20:58
 
        - speed: Fast
 - version: 1.22 W3XP
 - replay type:  

 
» download(195 KB)
Players
        team 1 (winner) 
              
              
» 
NgG.RedPandA (
red | 261 APM | 5463 actions | 20:55)
              
 5 Archmage 
 3 Summon Water Elemental
 2 Brilliance Aura
 4 Naga Sea Witch 
 2 Frost Arrows
 2 Forked Lightning
 
                » actions 
                
                | Assign group hotkey | 58 |  | 
| Basic commands | 210 |  | 
| Build / train | 64 |  | 
| ESC pressed | 3 |  | 
| Enter build submenu | 21 |  | 
| Enter hero's abilities submenu | 9 |  | 
| Give item / drop item | 1 |  | 
| Right click | 1266 |  | 
| Select / deselect | 499 |  | 
| Select group hotkey | 3245 |  | 
| Use ability | 87 |  | 
                5463 total
 » units 
                
                | Peasant | 11 |  | 
| Footman | 5 |  | 
| Forest Troll Berserker | 1 |  | 
| Forest Troll Shadow Priest | 1 |  | 
| Spell Breaker | 14 |  | 
| Sorceress | 2 |  | 
| Priest | 7 |  | 
                41 total
 » upgrades
                
                | Lumber Harvesting | 1 |  | 
| Priest Training | 1 |  | 
                2 total
 » buildings
                
                | Altar of Kings | 1 |  | 
| Farm | 9 |  | 
| Barracks | 1 |  | 
| Scout Tower | 1 |  | 
| Arcane Tower | 2 |  | 
| Keep | 1 |  | 
| Lumber Mill | 1 |  | 
| Arcane Vault | 1 |  | 
| Arcane Sanctum | 2 |  | 
| Town Hall | 2 |  | 
                21 total
 » build order
                00:04 Altar of Kings
00:07 Farm
00:43 Barracks
01:01 Farm
01:24 Scout Tower
01:55 Arcane Tower
01:55 Arcane Tower
02:42 Farm
04:04 Keep
04:24 Farm
04:26 Farm
04:37 Lumber Mill
05:02 Arcane Vault
06:51 Farm
06:53 Arcane Sanctum
06:55 Arcane Sanctum
08:06 Farm
08:09 Farm
10:50 Town Hall
11:56 Farm
13:22 Town Hall
» items
                
                | Scroll of Healing | 1 |  | 
| Scroll of Protection | 1 |  | 
| Potion of Lesser Invulnerability | 1 |  | 
| Scroll of Regeneration | 1 |  | 
| Scroll of Town Portal | 1 |  | 
| Potion of Healing | 1 |  | 
                6 total
  
               
              
              
» 
TIMG4STRok (
gray | 188 APM | 3940 actions | 20:58)
              
 5 Death Knight 
 3 Death Coil
 2 Unholy Aura
 3 Lich 
 2 Frost Nova
 1 Dark Ritual
 3 Dreadlord 
 2 Sleep
 1 Vampiric Aura
 
                » actions 
                
                | Assign group hotkey | 43 |  | 
| Basic commands | 92 |  | 
| Build / train | 61 |  | 
| ESC pressed | 1 |  | 
| Enter build submenu | 16 |  | 
| Enter hero's abilities submenu | 11 |  | 
| Give item / drop item | 1 |  | 
| Right click | 1881 |  | 
| Select / deselect | 272 |  | 
| Select group hotkey | 1480 |  | 
| Use ability | 82 |  | 
                3940 total
 » units 
                
                | Acolyte | 4 |  | 
| Ghoul | 12 |  | 
| Obsidian Statue | 5 |  | 
| Gargoyle | 7 |  | 
| Abomination | 2 |  | 
| Crypt Fiend | 2 |  | 
                32 total
 » upgrades
                
                | Destroyer Form | 1 |  | 
| Creature Attack | 1 |  | 
| Stone Form | 1 |  | 
| Disease Cloud | 1 |  | 
| Unholy Armor | 1 |  | 
| Web | 1 |  | 
                6 total
 » buildings
                
                | Crypt | 2 |  | 
| Altar of Darkness | 1 |  | 
| Ziggurat | 5 |  | 
| Tomb of Relics | 1 |  | 
| Nerubian Tower | 1 |  | 
| Halls of the Dead | 1 |  | 
| Graveyard | 1 |  | 
| Black Citadel | 1 |  | 
| Slaughterhouse | 2 |  | 
| Necropolis | 1 |  | 
                16 total
 » build order
                00:07 Crypt
00:10 Altar of Darkness
00:22 Ziggurat
00:49 Tomb of Relics
01:32 Ziggurat
01:38 Nerubian Tower
03:48 Halls of the Dead
04:19 Graveyard
05:20 Ziggurat
07:38 Crypt
08:35 Black Citadel
08:38 Slaughterhouse
09:23 Slaughterhouse
10:00 Necropolis
10:39 Ziggurat
10:41 Ziggurat
» items
                
                | Rod of Necromancy | 2 |  | 
| Boots of Speed | 1 |  | 
| Orb of Corruption | 1 |  | 
| Potion of Healing | 2 |  | 
                6 total
  
               team 2 (loser) 
              
              
» 
eXc.Panic (
orange | 96 APM | 2003 actions | 20:55)
              
 4 Demon Hunter 
 2 Mana Burn
 2 Evasion
 4 Pandaren Brewmaster 
 2 Breath of Fire
 2 Drunken Haze
 
                » actions 
                
                | Assign group hotkey | 5 |  | 
| Basic commands | 129 |  | 
| Build / train | 67 |  | 
| ESC pressed | 1 |  | 
| Enter build submenu | 18 |  | 
| Enter hero's abilities submenu | 8 |  | 
| Give item / drop item | 5 |  | 
| Right click | 872 |  | 
| Select / deselect | 568 |  | 
| Select group hotkey | 182 |  | 
| Use ability | 148 |  | 
                2003 total
 » units 
                
                | Wisp | 20 |  | 
| Archer | 2 |  | 
| Forest Troll Shadow Priest | 1 |  | 
| Forest Troll Berserker | 1 |  | 
| Dryad | 8 |  | 
| Druid of the Claw | 6 |  | 
                38 total
 » upgrades
                
                | Druid of the Claw Training | 2 |  | 
| Abolish Magic | 1 |  | 
| Mark of the Claw | 1 |  | 
| Nature's Blessing | 1 |  | 
                5 total
 » buildings
                
                | Altar of Elders | 1 |  | 
| Moon Well | 6 |  | 
| Ancient of War | 1 |  | 
| Tree of Ages | 1 |  | 
| Hunter's Hall | 1 |  | 
| Tree of Eternity | 1 |  | 
| Ancient of Lore | 4 |  | 
| Ancient of Wonders | 2 |  | 
| Tree of Life | 1 |  | 
                18 total
 » build order
                00:03 Altar of Elders
00:16 Moon Well
00:32 Ancient of War
01:39 Moon Well
03:03 Moon Well
03:20 Tree of Ages
04:08 Hunter's Hall
05:50 Tree of Eternity
05:54 Ancient of Lore
05:55 Ancient of Lore
06:14 Ancient of Wonders
06:14 Moon Well
10:44 Moon Well
11:32 Moon Well
12:45 Ancient of Wonders
15:44 Tree of Life
15:47 Ancient of Lore
16:28 Ancient of Lore
» items
                
                | Boots of Speed | 1 |  | 
| Lesser Clarity Potion | 2 |  | 
| Staff of Preservation | 1 |  | 
| Scroll of Town Portal | 4 |  | 
| Orb of Venom | 1 |  | 
| Scroll of Regeneration | 1 |  | 
                10 total
  
               
              
              
Anbu-Suigetsu- (
pink | 71 APM | 1485 actions | 20:48)
              
 5 Archmage 
 1 Summon Water Elemental
 1 Brilliance Aura
 3 Blizzard
 
                » actions 
                
                | Assign group hotkey | 45 |  | 
| Basic commands | 40 |  | 
| Build / train | 60 |  | 
| Enter build submenu | 18 |  | 
| Enter hero's abilities submenu | 5 |  | 
| Remove unit from queue | 7 |  | 
| Right click | 816 |  | 
| Select / deselect | 204 |  | 
| Select group hotkey | 246 |  | 
| Use ability | 44 |  | 
                1485 total
 » units 
                
                | Peasant | 8 |  | 
| Footman | 6 |  | 
| Rifleman | 6 |  | 
| Sorceress | 3 |  | 
| Knight | 4 |  | 
| Gryphon Rider | 6 |  | 
| Priest | 1 |  | 
                34 total
 » upgrades
                
                | Defend | 1 |  | 
| Storm Hammers | 1 |  | 
| Priest Training | 2 |  | 
                4 total
 » buildings
                
                | Altar of Kings | 1 |  | 
| Barracks | 1 |  | 
| Farm | 9 |  | 
| Arcane Vault | 1 |  | 
| Lumber Mill | 1 |  | 
| Keep | 1 |  | 
| Scout Tower | 1 |  | 
| Blacksmith | 1 |  | 
| Arcane Tower | 1 |  | 
| Arcane Sanctum | 1 |  | 
| Gryphon Aviary | 1 |  | 
| Castle | 1 |  | 
| Town Hall | 1 |  | 
                21 total
 » build order
                00:10 Altar of Kings
00:21 Barracks
00:35 Farm
00:54 Farm
01:33 Farm
02:05 Arcane Vault
02:54 Farm
02:58 Lumber Mill
03:44 Keep
04:11 Scout Tower
04:17 Blacksmith
05:06 Farm
05:08 Farm
05:12 Arcane Tower
07:02 Arcane Sanctum
07:06 Gryphon Aviary
07:55 Castle
10:03 Farm
10:04 Farm
12:51 Town Hall
15:59 Farm
» items
                
                | Scroll of Regeneration | 4 |  | 
| Scroll of Town Portal | 2 |  | 
                6 total
  
               observersJirecht, 
Jubella, 
seankly, 
13iG_MaC, 
shottajovan, 
Evolute, 
danbearking0, 
Name Chat log
          (00:08 / All) eXc.Panic: glgl
(00:12 / All) TIMG4STRok: gg gl
(00:23 / All) NgG.RedPandA: gl hf
(00:26 / All) NgG.RedPandA: manners pelase :D:D:D
(00:29 / All) eXc.Panic: pfft
(00:33 / All) eXc.Panic: fiiine
(00:34 / All) eXc.Panic: hf
(00:35 / All) eXc.Panic: also
(00:36 / All) NgG.RedPandA: :)
(01:06 / Allies) TIMG4STRok: what are you getting?
(01:17 / Allies) NgG.RedPandA: am mk
(01:20 / Allies) NgG.RedPandA: footies breakers
(01:20 / Allies) NgG.RedPandA: idk
(01:23 / Allies) TIMG4STRok: k
(05:41 / Allies) NgG.RedPandA: what was other race?
(05:43 / Allies) TIMG4STRok: hu elf
(05:49 / Allies) NgG.RedPandA: k
(06:01 / All) TIMG4STRok: leave name
(06:16 / Allies) NgG.RedPandA: repair :D
(08:25 / Allies) TIMG4STRok: got any wood?
(08:35 / Allies) TIMG4STRok: ty
(10:28 / Allies) NgG.RedPandA: b
(10:45 / Allies) NgG.RedPandA: 100>?
(15:32 / Allies) NgG.RedPandA: im out
(15:33 / Allies) NgG.RedPandA: im out
(16:01 / Allies) NgG.RedPandA: shit
(16:08 / Allies) TIMG4STRok: wisp
(16:11 / Allies) NgG.RedPandA: k
(16:28 / Allies) NgG.RedPandA: omw
(17:34 / Allies) NgG.RedPandA: mb they expo
(17:35 / Allies) NgG.RedPandA: by now
(17:40 / Allies) NgG.RedPandA: :O
(18:24 / Allies) NgG.RedPandA: nothing
(20:30 / All) Anbu-Suigetsu-: gg guys
(20:32 / All) TIMG4STRok: gg
(20:34 / All) NgG.RedPandA: gg
(20:54 / All) eXc.Panic: gg